 Dungeon Crawl Stone Soup version 0.29.1-15-g9cfb28693d (webtiles) character file.

Game seed: 11288817703017753446

20 Heoruswealwe the Digger (level 2, 0/15 HPs)
             Began as a Deep Elf Earth Elementalist on May 1, 2023.
             Slain by a gnoll
             ... wielding a +0 club
              (5 damage)
             ... on level 1 of the Dungeon.
             The game lasted 00:03:21 (345 turns).

Heoruswealwe the Digger (DEEE)                       Turns: 345, Time: 00:03:23

Health: 0/15       AC:  3    Str:  5    XL:     2   Next: 58%
Magic:  0/8        EV: 12    Int: 19    God:
Gold:   32         SH:  0    Dex: 15    Spells: 5/8 levels left

rFire   . . .      SeeInvis .   (no weapon)
rCold   . . .      Faith    .   (no shield)
rNeg    . . .      Spirit   .   c - +0 robe
rPois   .          Reflect  .   (no helmet)
rElec   .          Harm     .   (no cloak)
rCorr   .          Rampage  .   f - +0 pair of gloves
Will    .....                   (no boots)
Stlth   ++........              (no amulet)
HPRegen 0.05/turn               (no ring)
MPRegen 0.11/turn               (no ring)

@: no status effects
A: no striking features
a: no special abilities


You were on level 1 of the Dungeon.
You visited 1 branch of the dungeon, and saw 1 of its levels.

You collected 32 gold pieces.

Inventory:

Armour
 c - a +0 robe (worn)
 d - a +0 robe
 f - a +0 pair of gloves (worn)
Scrolls
 a - a scroll of identify {unknown}
Potions
 b - a potion of magic
 e - 2 potions of lignification {unknown}
 g - a potion of flight {unknown}
 h - a potion of cancellation {unknown}


   Skills:
 - Level 2.4 Dodging
 - Level 2.4 Stealth
 + Level 3.8 Spellcasting
 - Level 1.1 Transmutations
 + Level 3.8 Earth Magic


You had 5 spell levels left.
You knew the following spells:

 Your Spells              Type           Power      Damage    Failure   Level
a - Sandblast             Erth           36%        2d10      2%          1
z - Passwall              Tmut/Erth      10%        N/A       8%          2

Your spell library contained the following spells:

 Spells                   Type           Power      Damage    Failure   Level
 Stone Arrow              Conj/Erth      22%        3d8       19%         3
 Petrify                  Tmut/Erth      13%        N/A       45%         4


Dungeon Overview and Level Annotations

Branches:
Dungeon (1/15)

Altars:


Message History

The giant cockroach bites you but does no damage.
The blast of sand hits the giant cockroach.
You kill the giant cockroach!
You see here a giant cockroach corpse.
There is a stone staircase leading down here.
e - 2 fizzy brown potions (gained 1)
A bat comes into view. 2 giant cockroaches come into view.
Found a robe.
A rat, a ball python and a gnoll come into view.
The gnoll shouts!
The ball python hisses angrily.
The blast of sand hits the rat!
You kill the rat!
The bat hits you but does no damage.
The blast of sand hits the giant cockroach.
You kill the giant cockroach!
The bat barely misses you.
The blast of sand misses the bat.
The bat hits you but does no damage. x2
The giant cockroach bites you.
The blast of sand hits the giant cockroach!
You kill the giant cockroach!
The bat barely misses you.
The blast of sand hits the ball python!
You kill the ball python!
The bat hits you but does no damage.
The blast of sand hits the gnoll.
The gnoll is moderately wounded.
The bat hits you but does no damage. The gnoll hits you with a +0 club.
The blast of sand hits the gnoll.
The gnoll is moderately wounded.
The gnoll hits you with a +0 club.
Casting: Sandblast (safe; 2% risk of failure)
Confirm with . or Enter, or press ? or * to list all spells.
Aiming: Sandblast (safe; 2% risk of failure)
Press: ? - help, Shift-Dir - straight line, f/p - gnoll
Aim: a gnoll, wielding a +0 club (moderately wounded, 84% to hit)
The blast of sand hits the gnoll.
The gnoll is almost dead.
The gnoll misses you. The gnoll hits you with a +0 club.
You die...

#.# ###.###.#
.. ........#
##.####†# #.
#.# #. #.# #.
#># # #. #.#
#...##†####.#
......bg@...#
.....†.####.#
.[..... #.#
....... #.#
.....g. #.#
....... #.#
....... #.#
#####.. #.#


You could see a gnoll and a bat.

Vanquished Creatures
  4 bats (D:1)
  An endoplasm (D:1)
  3 giant cockroaches (D:1)
  2 goblins (D:1)
  A hobgoblin (D:1)
  2 jackals (D:1)
  A ball python (D:1)
  A frilled lizard (D:1)
  A kobold (D:1)
  A rat (D:1)
17 creatures vanquished.

Notes
Turn   | Place    | Note
-------+----------+-------------------------------------------
     0 | D:1      | Heoruswealwe the Deep Elf Earth Elementalist began the
                  | quest for the Orb.
     0 | D:1      | Reached XP level 1. HP: 10/10 MP: 6/6
   197 | D:1      | Reached XP level 2. HP: 15/15 MP: 4/8
   201 | D:1      | Learned a level 2 spell: Passwall
   345 | D:1      | Slain by a gnoll

Illustrated notes

Levels and vault maps discovered:
D:1:      dpeg_arrival_signposts, layout_loops_ring

Action                   || total
-------------------------++-------
 Cast: Sandblast         ||    24
Armor: Robe              ||    10
Dodge: Dodged            ||     6
